 Dungeon Crawl Stone Soup version 0.28-a0-1506-g3893175d92 (webtiles) character file.

Game seed: 16720112733474259690

10829 Snarg the Cutter (level 11, -8/89 HPs)
             Began as a Demigod Wanderer on Jan 12, 2022.
             Mangled by a seven-headed hydra (12 damage)
             ... on level 1 of the Lair of Beasts on Jan 14, 2022.
             The game lasted 01:17:48 (14472 turns).

Snarg the Cutter (Demigod Wanderer)                Turns: 14472, Time: 01:17:49

Health: -8/89      AC: 15    Str: 17    XL:     11   Next: 18%
Magic:  21/21      EV: 12    Int: 24    God:
Gold:   927        SH:  0    Dex: 11    Spells: 3/18 levels left

rFire   . . .      SeeInvis .   b - +0 short sword (elec)
rCold   . . .      Faith    .   (no shield)
rNeg    . . .      Spirit   .   M - +3 leather armour
rPois   .          Reflect  .   x - +1 hat
rElec   .          Harm     .   k - +0 cloak
rCorr   .          Rampage  .   s - +1 pair of gloves
Will    +....                   (no boots)
Stlth   ++........              t - amulet of magic regeneration
HPRegen 0.24/turn               l - +4 ring of protection
MPRegen 0.57/turn               (no ring)

@: lethally poisoned (-8 -> -29)
A: high mp 1, forlorn, divine attributes
a: no special abilities


You were on level 1 of the Lair of Beasts.
You visited 3 branches of the dungeon, and saw 12 of its levels.
You also visited: Bailey.

You collected 927 gold pieces.

Inventory:

Hand Weapons
 a - a +1 short sword of draining
 b - a +0 short sword of electrocution (weapon)
 g - a +3 spear of freezing
 B - the +8 battleaxe "Kuotzet" {spect, Will- Str+3 Int+4}
   (You found it in a bailey)

   When its wielder attacks, the weapon's spirit leaps out and strikes again.
   The spirit shares a part of any damage it takes with its wielder.
   Str:       It affects your strength (+3).
   Int:       It affects your intelligence (+4).
   Will:      It decreases your willpower.
 C - a +0 dagger
 J - the +5 scythe "Finisher" {speed, eviscerate}
   (You found it on level 9 of the Dungeon)

   Attacks with this weapon are significantly faster.
   It may eviscerate those it strikes, slaying them instantly, with a decreasing
   chance against stronger foes.
 K - a +2 scimitar of freezing
 L - a +0 dagger of venom
Missiles
 f - 329 stones
 u - 4 throwing nets
 y - 11 poisoned darts
 G - 2 javelins
Armour
 e - a +0 buckler
 i - a +0 robe of fire resistance
 k - a +0 cloak (worn)
 o - a +3 scale mail of poison resistance
 p - the +0 chain mail "Muner" {rF- rC+ Str+5 Stlth+}
   (You found it in a bailey)

   Str:       It affects your strength (+5).
   rF:        It makes you vulnerable to fire.
   rC:        It protects you from cold.
   Stlth:     It makes you more stealthy.
 s - a +1 pair of gloves (worn)
 x - a +1 hat (worn)
 F - a +1 robe of willpower
 M - a +3 leather armour (worn)
Jewellery
 l - a +4 ring of protection (left hand)
 n - a ring of ice
 r - a ring of ice
 t - an amulet of magic regeneration (around neck)
Wands
 z - a wand of acid (8)
 D - a wand of iceblast (6)
 H - a wand of charming (7)
 O - a wand of digging (6)
Scrolls
 w - 2 scrolls of summoning {unknown}
 E - a scroll of vulnerability
 I - a scroll of immolation
 P - a scroll of fog
 R - a scroll of teleportation
Potions
 c - a potion of lignification
 d - 3 potions of heal wounds
 h - a potion of brilliance
 j - 3 potions of curing
 m - 2 potions of flight
 q - 5 potions of attraction
 v - 2 potions of might
 A - a potion of invisibility
 Q - a potion of mutation
Miscellaneous
 N - a condenser vane


   Skills:
 - Level 6.0 Fighting
 + Level 6.0 Short Blades
 - Level 6.0 Armour
 - Level 2.3 Dodging
 + Level 2.5 Stealth
 * Level 1.4 Shields
 + Level 4.3 Spellcasting
 - Level 6.0 Conjurations
 * Level 1.8 Transmutations
 - Level 2.0 Fire Magic
 - Level 5.0 Ice Magic
 - Level 5.0 Air Magic
 + Level 5.5 Poison Magic
 - Level 3.0 Evocations


You had 3 spell levels left.
You knew the following spells:

 Your Spells              Type           Power      Damage    Failure   Level
a - Shock                 Conj/Air       100%       1d9       1%          1
b - Freeze                Ice            100%       1d11      1%          1
c - Poisonous Vapours     Pois/Air       60%        N/A       1%          2
d - Frozen Ramparts       Ice            58%        1d7       4%          3
e - Mephitic Cloud        Conj/Pois/Air  31%        N/A       3%          3
f - Static Discharge      Conj/Air       31%        N/A       1%          2
g - Ignite Poison         Fire/Tmut/Pois 20%        N/A       10%         3

Your spell library contained the following spells:

 Spells                   Type           Power      Damage    Failure   Level
 Pain                     Necr           20%        1d5       11%         1
 Iskenderun's Battlesphe  Conj           34%        2d9       26%         5
 Lightning Bolt           Conj/Air       15%        1d29      32%         5
 Freezing Cloud           Conj/Ice/Air   15%        6-21      34%         5
 Fireball                 Conj/Fire      12%        3d7       52%         5
 Conjure Ball Lightning   Conj/Air       15%        3x3d6     87%         6
 Agony                    Necr           5%         N/A       97%         5
 Excruciating Wounds      Necr           2%         N/A       97%         5
 Orb of Destruction       Conj           17%        9d8       100%        7
 Maxwell's Capacitive Co  Air            14%        ∞         100%        8


Dungeon Overview and Level Annotations

Branches:
Dungeon (10/15)            Temple (1/1) D:4            Lair (1/6) D:10
 Bailey (visited)
    Orc: D:9-12

Annotations:
D:1 clr
D:2 clr
D:3 clr
D:4 clr
D:5 clr
D:6 clr
D:7 clr
D:8 clr
D:10 clr
Lair:1 Nergalle


Innate Abilities, Weirdness & Mutations

You have an increased reservoir of magic. (+10% MP)
You shall have no god before yourself.
Your divine heritage dramatically boosts your attributes as you level up.


Message History

You kill the wolf!
The wolf seems to burn from within!!
You kill the wolf!
Unknown command.
You start resting.
Magic restored.
You start resting.
HP restored.
You see here a wolf corpse.
There is a staircase to the Lair, spattered with blood here.
You climb downwards.
Welcome back to the Lair of Beasts!
The cane toad gives a loud, deep croak!
The cane toad misses you.
Nergalle the Soulbinder comes into view.
She is wielding a +0 dagger.
The seven-headed hydra bites you! x3; The seven-headed hydra bites you.
The seven-headed hydra bites you but does no damage.
The seven-headed hydra closely misses you.
The seven-headed hydra bites you but does no damage. x2
The seven-headed hydra closely misses you.
The seven-headed hydra bites you.
The seven-headed hydra bites you but does no damage.
The seven-headed hydra bites you. x2
The seven-headed hydra closely misses you.
The cane toad stings you!
You are poisoned.
The cane toad poisons you!
The seven-headed hydra barely misses you.
The seven-headed hydra bites you. The seven-headed hydra bites you!
The seven-headed hydra bites you but does no damage.
The seven-headed hydra bites you!
* * * LOW HITPOINT WARNING * * *
The seven-headed hydra bites you!
* * * LOW HITPOINT WARNING * * *
The seven-headed hydra closely misses you.
The seven-headed hydra bites you.
* * * LOW HITPOINT WARNING * * *
The seven-headed hydra bites you but does no damage. x2
The seven-headed hydra closely misses you.
The seven-headed hydra bites you!
You die...

#..... ##..♣..
?....# # ....#
#. .÷.#
..#..#..##
.......SF##.#..
.......@D......
.......D.......
...............
.##...####....#
##.. .o..# ...
.... #.. ..#
#.. ..#


You could see 2 seven-headed hydras, Nergalle, a cane toad and a water moccasin
(wandering).

Vanquished Creatures
  A two-headed ogre (D:8)
  An orc knight (Bailey)
  A deep elf pyromancer (Bailey)
  2 cane toads
  An unseen horror (D:10)
  A troll (D:10)
  5 yaks
  4 wraiths
  A vampire (D:8)
  A basilisk (D:9)
  2 wyverns
  The ghost of oldriver the Skirmisher, an amateur FoCK of Xom (D:3)
  A steam dragon (D:5)
  3 water moccasins
  3 black bears
  13 orc warriors
  An ice beast (D:6)
  A sky beast (D:4)
  3 necrophages
  6 wolves
  2 ogres
  5 centaurs
  2 phantoms
  A kobold brigand (D:6)
  A scorpion (D:6)
  4 bullfrogs
  A gnoll sergeant (D:9)
  9 killer bees
  2 vampire bats (D:6)
  3 wights (D:8)
  5 centaur zombies
  2 bullfrog zombies (D:3)
  8 hounds
  3 orc priests
  A gnoll shaman (D:7)
  2 centaur skeletons
  5 iguanas
  9 orc wizards
  A killer bee zombie (D:5)
  A hound skeleton (D:4)
  A howler monkey zombie (D:8)
  Robin (D:2)
  A howler monkey skeleton (D:3)
  14 gnolls
  4 adders
  A white imp (D:5)
  An ufetubus (D:4)
  2 adder skeletons (D:4)
  2 worms
  A dart slug (D:4)
  27 orcs
  2 bat skeletons (D:6)
  4 bat zombies (D:6)
  7 endoplasms
  6 giant cockroaches
  22 goblins
  10 hobgoblins
  4 jackals (D:4)
  21 kobolds
  9 quokkas
  3 ball pythons
  4 bats
  2 frilled lizards
  5 rats
  A bush (D:7)
274 creatures vanquished.

Vanquished Creatures (others)
  3 demonic plants (D:1)
  A fungus (D:1)
  16 plants (D:7)
  2 withered plants (D:1)
22 creatures vanquished.

Grand Total: 296 creatures vanquished

Notes
Turn   | Place    | Note
-------+----------+-------------------------------------------
     0 | D:1      | Snarg the Demigod Wanderer began the quest for the Orb.
     0 | D:1      | Snarg set off with the following items: a +0 club, a +0
                  | robe, a potion of lignification; and the following spells
                  | available to memorise: Freeze, Shock, Poisonous Vapours,
                  | Static Discharge, Frozen Ramparts
     0 | D:1      | Reached XP level 1. HP: 16/16 MP: 5/5
     2 | D:1      | Learned a level 1 spell: Shock
   127 | D:1      | Learned a level 1 spell: Freeze
   764 | D:1      | Reached XP level 2. HP: 23/23 MP: 4/7
  1629 | D:2      | Noticed Robin
  1649 | D:2      | Reached XP level 3. HP: 21/28 MP: 1/8
  1899 | D:2      | Killed Robin
  2185 | D:2      | Reached skill level 1 in Conjurations
  3030 | D:3      | Learned a level 2 spell: Poisonous Vapours
  3238 | D:3      | Reached XP level 4. HP: 25/35 MP: 4/9
  3473 | D:3      | Upgraded the game from 0.28-a0-1447-ga5a8893891 to
                  | 0.28-a0-1506-g3893175d92
  3658 | D:3      | Reached XP level 5. HP: 40/40 MP: 7/11
  3923 | D:3      | Found a runed translucent gate.
  3923 | D:3      | Found a runed translucent gate.
  3923 | D:3      | Found a runed translucent gate.
  3925 | D:3      | Noticed oldriver's ghost (amateur FoCK)
  4135 | D:4      | Noticed a sky beast
  4170 | D:4      | Killed a sky beast
  4171 | D:4      | Reached skill level 1 in Poison Magic
  4560 | D:4      | Noticed a black bear
  4560 | D:4      | Noticed a black bear
  4618 | D:4      | Reached XP level 6. HP: 47/47 MP: 11/13
  4738 | D:4      | Found a staircase to the Ecumenical Temple.
  4762 | Temple   | Entered the Ecumenical Temple
  5215 | D:4      | Reached skill level 1 in Short Blades
  5377 | D:4      | Reached XP level 7. HP: 54/56 MP: 11/14
  5770 | D:5      | Entered Level 5 of the Dungeon
  6307 | D:5      | Learned a level 3 spell: Frozen Ramparts
  6311 | D:5      | Learned a level 3 spell: Mephitic Cloud
  6426 | D:5      | Noticed a steam dragon
  6445 | D:5      | Killed a steam dragon
  6485 | D:5      | Reached XP level 8. HP: 59/63 MP: 15/15
  8738 | D:6      | Learned a level 2 spell: Static Discharge
  9230 | D:7      | Reached skill level 1 in Evocations
  9337 | D:7      | Reached XP level 9. HP: 60/71 MP: 11/16
 10230 | D:8      | Reached skill level 5 in Air Magic
 10514 | D:8      | Noticed a two-headed ogre
 10523 | D:8      | Killed a two-headed ogre
 10524 | D:8      | Reached skill level 5 in Short Blades
 10524 | D:8      | Reached skill level 5 in Conjurations
 10750 | D:8      | Reached skill level 5 in Armour
 10753 | D:8      | Reached skill level 5 in Fighting
 10866 | D:8      | Reached XP level 10. HP: 54/81 MP: 15/19
 11766 | D:3      | Killed oldriver's ghost
 11908 | D:9      | Learned a level 3 spell: Ignite Poison
 12223 | D:9      | Found a flagged portal.
 12246 | Bailey   | Entered a bailey
 12553 | Bailey   | Noticed an orc knight
 12560 | Bailey   | Reached skill level 1 in Transmutations
 12561 | Bailey   | Killed an orc knight
 12562 | Bailey   | Reached skill level 1 in Fire Magic
 12737 | Bailey   | Found a large runed translucent door.
 12737 | Bailey   | Found a large runed translucent door.
 12747 | Bailey   | Noticed a deep elf pyromancer
 12812 | Bailey   | Killed a deep elf pyromancer
 12833 | Bailey   | Identified the +0 chain mail "Muner" {rF- rC+ Str+5 Stlth+}
 12839 | Bailey   | Identified the +8 battleaxe "Kuotzet" {spect, Will- Str+3
                  | Int+4}
 12925 | D:9      | Found the +5 scythe "Finisher" {speed, eviscerate}
 12928 | D:9      | Noticed a skeletal warrior
 13251 | D:10     | Entered Level 10 of the Dungeon
 13251 | D:10     | Found a staircase to the Lair.
 13256 | D:10     | Reached skill level 5 in Poison Magic
 13503 | D:10     | Reached skill level 5 in Ice Magic
 13646 | D:10     | Reached XP level 11. HP: 89/89 MP: 13/20
 14100 | Lair:1   | Entered Level 1 of the Lair of Beasts
 14107 | Lair:1   | Reached skill level 1 in Shields
 14397 | Lair:1   | Noticed a seven-headed hydra
 14398 | Lair:1   | Noticed a seven-headed hydra
 14472 | Lair:1   | Noticed Nergalle
 14472 | Lair:1   | HP: 4/89 [seven-headed hydra (4)]
 14472 | Lair:1   | Mangled by a seven-headed hydra

Illustrated notes

Levels and vault maps discovered:
D:1:      minmay_arrival_four_circles, layout_loops_corners,
          shapermc_ecumenical_altar_gd
D:2:      layout_basic, uniq_robin
D:3:      layout_loops_ring, gammafunk_temple_overflow_pools,
          trog_hazing_becter, gammafunk_ghost_necromancy, cheibrodos_gnoll_hut
D:4:      minmay_polygon_palace, layout_loops_ring, fedhas_altar_1,
          minmay_temple_entry_drinking_statues
D:5:      layout_loops_ring, mainiacjoe_overflow_24_doors,
          kennysheep_generic_room_11
D:6:      layout_layer_cave, kennysheep_vampire_church,
          amethyst_overflow_temple_binary, tso_oasis_becter
D:7:      layout_basic, nicolae_overflow_hidden_temple,
          mainiacjoe_overflow_cross_hatched, serial_park_tiny_1,
          kb_lookout_dungeons_type
D:8:      layout_loops_ring, minmay_strange_pillars
D:9:      layout_stronghold, mainiacjoe_overflow_concentric_impassable,
          enter_bailey_5, minmay_guarded_unrand_finisher
D:10:     layout_roguey, david_lair_generic
Temple:   cyrus_temple_forest
Lair:1:   layout_regular_city, gammafunk_ghost_cemetery, grunt_megastairs_3,
          lemuel_fruit_tree, serial_bayou_shore_b, uniq_nergalle

Skill      XL: |  1  2  3  4  5  6  7  8  9 10 11 |
---------------+----------------------------------+-----
Spellcasting   | 2 3 4 |  4.3
Armour         | 2 4 5 6 |  6.0
Air Magic      | 2 3 4 5 |  5.0
Conjurations   | 1 2 3 5 6 |  6.0
Ice Magic      | 2 3 4 5 |  5.0
Poison Magic   | 1 2 3 5 |  5.5
Dodging        | 2 |  2.3
Stealth        | 2 |  2.5
Fighting       | 2 3 4 5 6 |  6.0
Short Blades   | 1 2 4 5 6 |  6.0
Evocations     | 1 3 |  3.0
Transmutations | 1 |  1.8
Fire Magic     | 2 |  2.0
Shields        | 1 |  1.4

Action                   |  1- 3 |  4- 6 |  7- 9 | 10-12 || total
-------------------------+-------+-------+-------+-------++-------
Melee: Club              |    24 |       |       |       ||    24
       Dagger            |    39 |    22 |       |       ||    61
       Punch             |     1 |       |       |       ||     1
       Short sword       |       |    60 |   160 |    79 ||   299
Throw: Stone             |     9 |     1 |     2 |       ||    12
 Cast: Shock             |    59 |    17 |    78 |    18 ||   172
       Freeze            |    22 |    19 |    25 |    10 ||    76
       Poisonous Vapours |       |    43 |    58 |    44 ||   145
       Mephitic Cloud    |       |       |    18 |    18 ||    36
       Frozen Ramparts   |       |       |    27 |    10 ||    37
       Static Discharge  |       |       |     7 |    12 ||    19
       Ignite Poison     |       |       |       |    19 ||    19
Evoke: Wand              |       |       |     2 |       ||     2
  Use: Scroll            |       |     4 |     6 |     7 ||    17
       Potion            |       |       |     1 |     3 ||     4
 Stab: Sleeping          |     2 |     2 |     1 |     1 ||     6
       Confused          |       |       |     1 |     4 ||     5
Armor: Robe              |    22 |    18 |       |       ||    40
       Leather armour    |       |    11 |   118 |    78 ||   207
Dodge: Dodged            |    59 |    63 |   142 |    87 ||   351

Table legend: (Time is in decaauts)
 A = Elapsed time spent in this place.
 B = Non-inter-level travel time spent in this place.
 C = Inter-level travel time spent in this place.
 D = Time resting spent in this place.
 E = Time spent auto-exploring this place.
 F = Levels seen in this place.
 G = Mean time per level.
                   A        B        C        D        E       F      G
               +--------+--------+--------+--------+--------+-----+--------+
         Total |  14488 |  13227 |   1261 |   2403 |   7762 |  13 | 1114.5 |
       Dungeon |  13733 |  12509 |   1224 |   2191 |   7660 |  10 | 1373.3 |
        Temple |     94 |     57 |     37 |      0 |     49 |   1 |   94.0 |
          Lair |     12 |     12 |      0 |      0 |      0 |   1 |   12.0 |
        Bailey |    648 |    648 |      0 |    212 |     53 |   1 |  648.0 |
               +--------+--------+--------+--------+--------+-----+--------+

Top non-repeatable levels by time:
     D:6: 1669 daAuts
     D:4: 1667 daAuts
     D:1: 1628 daAuts
     D:5: 1585 daAuts
     D:8: 1470 daAuts
     D:3: 1426 daAuts
     D:2: 1288 daAuts
    D:10: 1134 daAuts
     D:7: 1093 daAuts
     D:9: 770 daAuts
  Bailey: 648 daAuts
  Temple: 94 daAuts
  Lair:1: 12 daAuts
